 Dungeon Crawl Stone Soup version 0.21-a0-178-g0b87683 (webtiles) character file.

205 CanOfBees the Ducker (level 5, -5/33 HPs)
             Began as a Tengu Monk on Aug 9, 2017.
             Killed by divine providence
             ... invoked by an orc priest
              (9 damage)
             ... on level 4 of the Dungeon.
             The game lasted 00:06:02 (3511 turns).

CanOfBees the Ducker (Tengu Monk)                   Turns: 3511, Time: 00:06:03

Health: -5/33      AC:  5    Str: 12    XL:     5   Next: 83%
Magic:  6/6        EV: 13    Int: 11    God:
Gold:   106        SH:  0    Dex: 16    Spells: 4/4 levels left

rFire    . . .     SeeInvis .   a - +0 spear
rCold    . . .     Gourm    .   (no shield)
rNeg     . . .     Faith    .   e - +0 ring mail
rPois    .         Spirit   .   (helmet restricted)
rElec    .         Reflect  .   (no cloak)
rCorr    .         Harm     .   (no gloves)
MR       .....                  (boots unavailable)
Stlth    +.........             (no amulet)
HPRegen  0.11/turn              (no ring)
MPRegen  0.10/turn              (no ring)

@: no status effects
A: beak, talons 3, able to fly 1
a: Fly


You were on level 4 of the Dungeon.
You were not hungry.

You visited 1 branch of the dungeon, and saw 4 of its levels.

You collected 106 gold pieces.

Inventory:

Hand Weapons
 a - a +0 spear (weapon)
 l - a +0 long sword
 q - a +0 hunting sling
Missiles
 h - 17 sling bullets
 x - a stone (quivered)
Armour
 e - a +0 ring mail (worn)
Jewellery
 m - a cursed ring of positive energy {unknown}
Scrolls
 b - 2 scrolls of amnesia {unknown}
 f - 2 scrolls of magic mapping {unknown}
 g - 5 scrolls of identify {unknown}
 k - 2 scrolls of immolation {unknown}
 o - a scroll of enchant armour {unknown}
 p - 2 scrolls of teleportation {unknown}
 t - a scroll of blinking {unknown}
 u - a scroll of noise {unknown}
 v - 2 scrolls of fog {unknown}
 y - a scroll of enchant weapon {unknown}
Potions
 d - 2 potions of flight {unknown}
 i - a potion of might {unknown}
 n - 2 potions of heal wounds {unknown}
 r - a potion of haste {unknown}
 w - a potion of brilliance {unknown}
Comestibles
 c - 2 bread rations
 j - 2 meat rations
 s - 4 chunks of flesh


   Skills:
 + Level 4.2 Fighting
 + Level 4.8 Polearms
 + Level 4.9 Dodging
 - Level 2.0 Stealth


You had 4 spell levels left.
You didn't know any spells.

Dungeon Overview and Level Annotations

Branches:
Dungeon (4/15)
 Temple: D:4-7

Altars:


Innate Abilities, Weirdness & Mutations

You have a beak for a mouth.
You have claws for feet.
You can fly.


Message History

You hit the orc. You claw the orc.
The orc is almost dead. 2 orcs come into view.
The orc hits you but does no damage.
A leopard gecko comes into view.
The leopard gecko moves out of view.
The leopard gecko hisses angrily.
The orc priest mumbles some strange prayers to Beogh against you.
Beogh smites you! The leopard gecko closely misses you.
You hear a shout!
The leopard gecko bites you.
Found a scroll labeled IGOONNETUR.
The orc priest calls down the wrath of Beogh upon you.
Beogh smites you!
* * * LOW HITPOINT WARNING * * *
An orc comes into view.
The leopard gecko bites you but does no damage.
The orc priest invokes the aid of Beogh against you.
Beogh smites you!
You die...

#.... . # ....... ......####.#
#......? #.
#<...#...#.#######...... #.##...
......#..........#
##...........#.#..........#
........###....#..........####
..............................
.........##..###...o......######
##..#.#...#.....@ol....)........
.............###..o..o....######
##..#.#...#.........##.####
..........#........oo.o...##.#
..............###.#..........#
............#..........##.#.....
......#.#.####.###..#oo# .# ....
..#.#......# .. #..#..# .# ...
......#.#.... #. #..# .# ..


You could see 2 orc priests, 6 orcs and a leopard gecko.

Vanquished Creatures
  A hound (D:4)
  An orc wizard (D:3)
  4 adders
  3 worms
  4 dart slugs
  3 leopard geckos
  6 orcs
  5 bats
  4 giant cockroaches
  14 goblins
  6 hobgoblins
  6 jackals
  8 kobolds
  2 quokkas
  2 ball pythons
  6 frilled lizards
  8 rats
83 creatures vanquished.

Notes
Turn   | Place    | Note
-------+----------+-------------------------------------------
     0 | D:1      | CanOfBees the Tengu Monk began the quest for the Orb.
     0 | D:1      | Reached XP level 1. HP: 14/14 MP: 2/2
   201 | D:1      | Reached XP level 2. HP: 19/19 MP: 3/3
   710 | D:1      | Reached XP level 3. HP: 23/23 MP: 4/4
  1413 | D:2      | Reached XP level 4. HP: 27/28 MP: 5/5
  2650 | D:3      | Gained mutation: You can fly. [Tengu growth]
  2650 | D:3      | Reached XP level 5. HP: 33/33 MP: 6/6
  3511 | D:4      | Killed from afar by an orc priest

Vault maps used:
D:1:      mainiacjoe_arrival_reflecting_pool, minmay_bisected
D:4:      first_bread, minmay_goblin_outpost

Skill      XL: |  1  2  3  4  5 |
---------------+----------------+-----
Dodging        | 4 |  4.9
Polearms       | 4 |  4.8
Fighting       | 4 |  4.2
Stealth        | |  2.0

Action                   |  1- 3 |  4- 6 || total
-------------------------+-------+-------++-------
Melee: Spear             |    97 |   122 ||   219
       Kick              |    18 |    38 ||    56
       Peck              |    13 |    21 ||    34
 Fire: Hunting sling     |       |    34 ||    34
 Stab: Sleeping          |     3 |     2 ||     5
  Eat: Chunk             |     2 |     5 ||     7
       Meat ration       |       |     1 ||     1
Armor: Ring mail         |    24 |    41 ||    65
Dodge: Dodged            |    66 |    75 ||   141
